TOP OF THE 1ST |
Washington (APP) Nationals batting - Pitching for Danville Braves : RHP Jeremy Mash
|
Pitching: RHP Jeremy Mash
|
|
Batting: SHB Nolan Carew
|
0-0: Called Strike 0-1: Ball 1-1: Ball 2-1: Foul Ball, location: 2F 2-2: Fly out, F6 (Popup, 6, EV 58.1 MPH)
|
Batting: RHB Taffounnout Kame
|
0-0: Ball 1-0: Ground out 5-3 (Groundball, 56S, EV 87.5 MPH)
|
Batting: LHB Chris Williams
|
0-0: Ball 1-0: Foul Ball, location: 2F 1-1: Ball 2-1: Ball 3-1: Foul Ball, location: 2F 3-2: SINGLE (Flyball, 89S, EV 94.4 MPH)
|
Batting: RHB Justin Davenport
|
0-0: Foul Ball, location: 2F 0-1: Swinging Strike 0-2: Ball 1-2: Foul Ball, location: 2F 1-2: Ball 2-2: Ball 3-2: Base on Balls Chris Williams to second
|
Batting: SHB Ed Thorpe Jr.
|
0-0: Called Strike 0-1: Foul Ball, location: 2F 0-2: Ball 1-2: Strikes out swinging
|
Top of the 1st over - 0 runs, 1 hit, 0 errors, 2 left on base; Washington (APP) 0 - Danville 0 |
BOTTOM OF THE 1ST |
Danville Braves batting - Pitching for Washington (APP) Nationals : RHP Ramiro Ramirez
|
Pitching: RHP Ramiro Ramirez
|
|
Batting: RHB Danny Dimas
|
0-0: Called Strike 0-1: Foul Ball, location: 2F 0-2: Foul Ball, location: 2F 0-2: Ball 1-2: Ball 2-2: Ball 3-2: Foul Ball, location: 2F 3-2: Foul Ball, location: 2F 3-2: Strikes out swinging
|
Batting: LHB Mitsujiro Tanaka
|
0-0: Ball 1-0: Ball 2-0: Foul Ball, location: 2F 2-1: Ground out U3 (Groundball, 34, EV 92.5 MPH)
|
Batting: RHB Carlos Livas
|
0-0: Ball 1-0: Swinging Strike 1-1: Ball 2-1: SINGLE (Groundball, 4M, EV 106.2 MPH) (infield hit)
|
Batting: LHB Ivan Castillo
|
0-0: Ball Carlos Livas is caught stealing 2nd base 2-6
|
Bottom of the 1st over - 0 runs, 1 hit, 0 errors, 0 left on base; Washington (APP) 0 - Danville 0 |
TOP OF THE 2ND |
Washington (APP) Nationals batting - Pitching for Danville Braves : RHP Jeremy Mash
|
Batting: RHB Xavier Reeves
|
0-0: Ball 1-0: Ball 2-0: Ball 3-0: Called Strike 3-1: Base on Balls
|
Batting: SHB Fernando Fundora
|
0-0: Called Strike Xavier Reeves is caught stealing 2nd base 2-6 0-1: Ball 1-1: Foul Ball, location: 2F 1-2: Ball 2-2: DOUBLE (Line Drive, 7LS, EV 95.6 MPH)
|
Batting: RHB Aaron Bateman
|
0-0: Fly out, F8 (Flyball, 8LS, EV 95.0 MPH)
|
Batting: RHB Steve Kunselman
|
0-0: Ball 1-0: Ball 2-0: Called Strike 2-1: Foul Ball, location: 2F 2-2: Strikes out swinging
|
Top of the 2nd over - 0 runs, 1 hit, 0 errors, 1 left on base; Washington (APP) 0 - Danville 0 |
BOTTOM OF THE 2ND |
Danville Braves batting - Pitching for Washington (APP) Nationals : RHP Ramiro Ramirez
|
Batting: LHB Ivan Castillo
|
0-0: Ball 1-0: Ball 2-0: Ball 3-0: Base on Balls
|
Batting: RHB Rodolfo Cosme
|
0-0: Called Strike 0-1: Ball 1-1: Swinging Strike 1-2: Strikes out looking
|
Batting: RHB Roberto Rios
|
0-0: Ball Ivan Castillo is caught stealing 2nd base 2-4 1-0: Called Strike 1-1: Ball 2-1: Foul Ball, location: 2F 2-2: Ground out 5-3 (Groundball, 5L, EV 100.6 MPH)
|
Bottom of the 2nd over - 0 runs, 0 hits, 0 errors, 0 left on base; Washington (APP) 0 - Danville 0 |
TOP OF THE 3RD |
Washington (APP) Nationals batting - Pitching for Danville Braves : RHP Jeremy Mash
|
Batting: SHB Nolan Carew
|
0-0: Ground out 4-3 (Groundball, 34D, EV 86.2 MPH)
|
Batting: RHB Taffounnout Kame
|
0-0: Called Strike 0-1: Ground out 6-3 (Groundball, 6MS, EV 85.6 MPH)
|
Batting: LHB Chris Williams
|
0-0: Foul Ball, location: 2F 0-1: DOUBLE (Groundball, 5L, EV 103.8 MPH)
|
Batting: RHB Justin Davenport
|
0-0: Ball 1-0: Ball 2-0: Foul Ball, location: 2F 2-1: Ball 3-1: SINGLE (Groundball, 56S, EV 70.0 MPH) (infield hit) Chris Williams to third
|
Batting: SHB Ed Thorpe Jr.
|
0-0: SINGLE (Groundball, 56D, EV 94.4 MPH) Chris Williams scores Justin Davenport to second
|
Batting: RHB Xavier Reeves
|
0-0: Ball 1-0: Ground out 4-3 (Groundball, 4, EV 76.2 MPH)
|
Top of the 3rd over - 1 run, 3 hits, 0 errors, 2 left on base; Washington (APP) 1 - Danville 0 |
BOTTOM OF THE 3RD |
Danville Braves batting - Pitching for Washington (APP) Nationals : RHP Ramiro Ramirez
|
Batting: RHB Vicente Guillen
|
0-0: Ball 1-0: Swinging Strike 1-1: Called Strike 1-2: Ball 2-2: Ball 3-2: Foul Ball, location: 2F 3-2: Strikes out looking
|
Batting: RHB Roman Lauder
|
0-0: Ground out 4-3 (Groundball, 4, EV 85.0 MPH)
|
Batting: RHB Aaron Sartini
|
0-0: Ball 1-0: Called Strike 1-1: Ground out 6-3 (Groundball, 6, EV 86.9 MPH)
|
Bottom of the 3rd over - 0 runs, 0 hits, 0 errors, 0 left on base; Washington (APP) 1 - Danville 0 |
TOP OF THE 4TH |
Washington (APP) Nationals batting - Pitching for Danville Braves : RHP Jeremy Mash
|
Batting: SHB Fernando Fundora
|
0-0: Fly out, F6 (Line Drive, 6, EV 76.2 MPH)
|
Batting: RHB Aaron Bateman
|
0-0: Ball 1-0: Called Strike 1-1: Ground out 5-3 (Groundball, 56, EV 83.1 MPH)
|
Batting: RHB Steve Kunselman
|
0-0: Swinging Strike 0-1: Ball 1-1: Ball 2-1: Fly out, F8 (Flyball, 8LM, EV 86.2 MPH)
|
Top of the 4th over - 0 runs, 0 hits, 0 errors, 0 left on base; Washington (APP) 1 - Danville 0 |
BOTTOM OF THE 4TH |
Danville Braves batting - Pitching for Washington (APP) Nationals : RHP Ramiro Ramirez
|
Batting: RHB Danny Dimas
|
0-0: Ball 1-0: Ball 2-0: Foul Ball, location: 2F 2-1: Ball 3-1: Base on Balls
|
Batting: LHB Mitsujiro Tanaka
|
0-0: Called Strike 0-1: Called Strike 0-2: Ball 1-2: Foul Ball, location: 2F 1-2: Strikes out swinging Danny Dimas steals 2nd, throwing error, E2 Danny Dimas to third
|
Batting: RHB Carlos Livas
|
0-0: DOUBLE (Flyball, 89D, EV 95.0 MPH) Danny Dimas scores
|
Batting: LHB Ivan Castillo
|
0-0: Ball Passed Ball! Carlos Livas to third 1-0: Ball 2-0: Foul Ball, location: 2F 2-1: Ball 3-1: Ground out 6-3 (Groundball, 6, EV 93.1 MPH)
|
Batting: RHB Rodolfo Cosme
|
0-0: Called Strike 0-1: Ball 1-1: Called Strike 1-2: Ball 2-2: Ball 3-2: Reached on error, E6 (Line Drive, 6, EV 73.8 MPH) Carlos Livas scores
|
Batting: RHB Roberto Rios
|
0-0: Swinging Strike 0-1: 2-RUN HOME RUN (Flyball, 7D, EV 96.9 MPH), Distance : 342 ft
|
Batting: RHB Vicente Guillen
|
0-0: Ball 1-0: Ball 2-0: SOLO HOME RUN (Line Drive, 7D, EV 93.1 MPH), Distance : 357 ft
|
Pitching: LHP Willie Rivera
|
|
Batting: RHB Roman Lauder
|
0-0: Ball 1-0: Ball 2-0: Fly out, F9 (Flyball, 89M, EV 76.2 MPH)
|
Bottom of the 4th over - 5 runs, 3 hits, 2 errors, 0 left on base; Washington (APP) 1 - Danville 5 |
TOP OF THE 5TH |
Washington (APP) Nationals batting - Pitching for Danville Braves : RHP Jeremy Mash
|
Batting: SHB Nolan Carew
|
0-0: Called Strike 0-1: Ball 1-1: Swinging Strike 1-2: Strikes out swinging, 2-3 out at first.
|
Batting: RHB Taffounnout Kame
|
0-0: Ball 1-0: Ground out 4-3 (Groundball, 4, EV 105.0 MPH)
|
Batting: LHB Chris Williams
|
0-0: Ball 1-0: Called Strike 1-1: Ball 2-1: Foul Ball, location: 2F 2-2: Ball 3-2: Foul Ball, location: 2F 3-2: Foul Ball, location: 2F 3-2: Base on Balls
|
Batting: RHB Justin Davenport
|
0-0: Ball 1-0: Ball Chris Williams is caught stealing 2nd base 2-4
|
Top of the 5th over - 0 runs, 0 hits, 0 errors, 0 left on base; Washington (APP) 1 - Danville 5 |
BOTTOM OF THE 5TH |
Danville Braves batting - Pitching for Washington (APP) Nationals : LHP Willie Rivera
|
Batting: RHB Aaron Sartini
|
0-0: Ball 1-0: SINGLE (Groundball, 6S, EV 68.8 MPH) (infield hit)
|
Batting: RHB Danny Dimas
|
0-0: Called Strike 0-1: Fielders Choice at 2nd, 4-6 (Groundball, 4M, EV 86.9 MPH)
|
Batting: LHB Mitsujiro Tanaka
|
0-0: SINGLE (Line Drive, 8LS, EV 90.6 MPH) Danny Dimas to second Danny Dimas to third
|
Batting: RHB Carlos Livas
|
0-0: Ball 1-0: Called Strike 1-1: Called Strike 1-2: Reached on error, E5 (Groundball, 15, EV 85.6 MPH) Danny Dimas scores Mitsujiro Tanaka to second
|
Batting: LHB Ivan Castillo
|
0-0: Reached on error, E2 (Groundball, 13S, EV 74.4 MPH) Mitsujiro Tanaka scores Carlos Livas to third
|
Batting: RHB Rodolfo Cosme
|
0-0: Called Strike 0-1: Swinging Strike 0-2: Fly out, F7 (Flyball, 7D, EV 110.0 MPH) Runner from 3rd tags up, SCORES, no throw by LF
|
Batting: RHB Roberto Rios
|
0-0: Ball 1-0: Ball 2-0: Ground out 5-3 (Groundball, 56S, EV 81.9 MPH)
|
Bottom of the 5th over - 3 runs, 2 hits, 2 errors, 1 left on base; Washington (APP) 1 - Danville 8 |
TOP OF THE 6TH |
Washington (APP) Nationals batting - Pitching for Danville Braves : RHP Jeremy Mash
|
Batting: RHB Justin Davenport
|
0-0: Ball 1-0: Called Strike 1-1: Ball 2-1: Swinging Strike 2-2: Fly out, F8 (Flyball, 8LS, EV 90.6 MPH)
|
Batting: SHB Ed Thorpe Jr.
|
0-0: Ground out 3-1 (Groundball, 34, EV 108.8 MPH)
|
Batting: RHB Xavier Reeves
|
0-0: Fly out, F9 (Flyball, 9S, EV 80.6 MPH)
|
Top of the 6th over - 0 runs, 0 hits, 0 errors, 0 left on base; Washington (APP) 1 - Danville 8 |
BOTTOM OF THE 6TH |
Danville Braves batting - Pitching for Washington (APP) Nationals : LHP Willie Rivera
|
Batting: RHB Vicente Guillen
|
0-0: Ball 1-0: Ball 2-0: Foul Ball, location: 2F 2-1: Foul Ball, location: 2F 2-2: Ball 3-2: Foul Ball, location: 2F 3-2: Ground out 5-3 (Groundball, 5, EV 81.9 MPH)
|
Batting: RHB Roman Lauder
|
0-0: Ball 1-0: Foul Ball, location: 2F 1-1: Ball 2-1: Foul Ball, location: 2F 2-2: Ball 3-2: Base on Balls
|
Batting: RHB Aaron Sartini
|
0-0: Ball 1-0: Called Strike 1-1: Called Strike 1-2: Ball 2-2: Strikes out swinging
|
Batting: RHB Danny Dimas
|
0-0: Foul Ball, location: 2F 0-1: Ball 1-1: Called Strike 1-2: Strikes out swinging
|
Bottom of the 6th over - 0 runs, 0 hits, 0 errors, 1 left on base; Washington (APP) 1 - Danville 8 |
TOP OF THE 7TH |
Washington (APP) Nationals batting - Pitching for Danville Braves : RHP Jeremy Mash
|
Batting: SHB Fernando Fundora
|
0-0: Ball 1-0: Ball 2-0: Called Strike 2-1: Foul Ball, location: 2F 2-2: Foul Ball, location: 2F 2-2: Ball 3-2: SINGLE (Groundball, 34D, EV 94.4 MPH)
|
Pitching: RHP Geronimo Savio
|
|
Pinch Hitting: RHB Kiyonaga Nakamura
|
0-0: Ball 1-0: Called Strike 1-1: Ball 2-1: Ball 3-1: Foul Ball, location: 2F 3-2: Strikes out looking
|
Batting: RHB Steve Kunselman
|
0-0: Foul Ball, location: 2F 0-1: Ball 1-1: Called Strike 1-2: Ball 2-2: Foul Ball, location: 2F 2-2: Strikes out swinging
|
Pinch Hitting: RHB Ken Yeadon
|
0-0: Fielders Choice at 2nd, 6-4 (Groundball, 6, EV 84.4 MPH)
|
Top of the 7th over - 0 runs, 1 hit, 0 errors, 1 left on base; Washington (APP) 1 - Danville 8 |
BOTTOM OF THE 7TH |
Danville Braves batting - Pitching for Washington (APP) Nationals : LHP Willie Rivera
|
Pitching: RHP Matt Norris
|
|
Now at 1B: Kiyonaga Nakamura
|
|
Now at 2B: Jason Ewert
|
|
Pinch Hitting: LHB Roger Shearing
|
0-0: Fly out, F8 (Flyball, 8RM, EV 88.1 MPH)
|
Batting: RHB Carlos Livas
|
0-0: Ball 1-0: Ball 2-0: Ball 3-0: Called Strike 3-1: Ground out 5-3 (Groundball, 56, EV 87.5 MPH)
|
Batting: LHB Ivan Castillo
|
0-0: Ball 1-0: Foul Ball, location: 2F 1-1: Foul Ball, location: 2F 1-2: Ground out 6-3 (Groundball, 6, EV 83.1 MPH)
|
Bottom of the 7th over - 0 runs, 0 hits, 0 errors, 0 left on base; Washington (APP) 1 - Danville 8 |
TOP OF THE 8TH |
Washington (APP) Nationals batting - Pitching for Danville Braves : RHP Geronimo Savio
|
Now in LF: Roger Shearing
|
|
Batting: RHB Taffounnout Kame
|
0-0: Ball 1-0: Called Strike 1-1: Ground out 6-3 (Groundball, 6, EV 101.9 MPH)
|
Batting: LHB Chris Williams
|
0-0: Ball 1-0: Called Strike 1-1: Ball 2-1: Ground out 6-3 (Groundball, 6, EV 87.5 MPH)
|
Batting: RHB Justin Davenport
|
0-0: Called Strike 0-1: Called Strike 0-2: Ball 1-2: Strikes out looking
|
Top of the 8th over - 0 runs, 0 hits, 0 errors, 0 left on base; Washington (APP) 1 - Danville 8 |
BOTTOM OF THE 8TH |
Danville Braves batting - Pitching for Washington (APP) Nationals : RHP Matt Norris
|
Batting: RHB Rodolfo Cosme
|
0-0: Foul Ball, location: 2F 0-1: Fly out, F9 (Flyball, 89D, EV 89.4 MPH)
|
Batting: RHB Roberto Rios
|
0-0: Ball 1-0: Called Strike 1-1: Ground out 4-3 (Groundball, 34, EV 102.5 MPH)
|
Batting: RHB Vicente Guillen
|
0-0: Ball 1-0: Ball 2-0: Foul Ball, location: 2F 2-1: Ground out 6-3 (Groundball, 6S, EV 70.6 MPH)
|
Bottom of the 8th over - 0 runs, 0 hits, 0 errors, 0 left on base; Washington (APP) 1 - Danville 8 |
TOP OF THE 9TH |
Washington (APP) Nationals batting - Pitching for Danville Braves : RHP Geronimo Savio
|
Batting: SHB Ed Thorpe Jr.
|
0-0: Ball 1-0: Called Strike 1-1: Ball 2-1: TRIPLE (Line Drive, 8LXD, EV 106.9 MPH)
|
Batting: RHB Xavier Reeves
|
0-0: Ball 1-0: Ball 2-0: Foul Ball, location: 2F 2-1: Ball 3-1: Base on Balls
|
Batting: SHB Fernando Fundora
|
0-0: Called Strike 0-1: Foul Ball, location: 2F 0-2: Ball 1-2: Ball 2-2: Foul Ball, location: 2F 2-2: Fly out, F7 (Flyball, 7, EV 87.5 MPH) Runner from 3rd tags up, SCORES, no throw by LF
|
Pinch Hitting: SHB Curtis DeLille
|
0-0: Foul Ball, location: 2F 0-1: Called Strike 0-2: Ball 1-2: Ball 2-2: Ball 3-2: Foul Ball, location: 2F 3-2: Foul Ball, location: 2F 3-2: Ground out U3 (Groundball, 3S, EV 65.6 MPH) Xavier Reeves to second
|
Batting: RHB Steve Kunselman
|
0-0: Foul Ball, location: 2F 0-1: Foul Ball, location: 2F 0-2: Ball 1-2: Strikes out swinging
|
Top of the 9th over - 1 run, 1 hit, 0 errors, 1 left on base; Washington (APP) 2 - Danville 8 |
|